 Dungeon Crawl Stone Soup version 0.29-a0-72-g1732ff48e7 (webtiles) character file.

Game seed: 5063418046105342058

271 belegose the Slasher (level 6, -1/84 HPs)
             Began as a Minotaur Cinder Acolyte on Feb 3, 2022.
             Was a High Priest of Ignis.
             Succumbed to a gnoll's poison
             ... on level 4 of the Dungeon.
             The game lasted 00:05:17 (3560 turns).

belegose the Slasher (Minotaur Cinder Acolyte)      Turns: 3560, Time: 00:05:17

Health: -1/84      AC: 23    Str: 19    XL:     6   Next: 2%
Magic:  6/6        EV:  2    Int: 11    God:    Ignis [*****.]
Gold:   246        SH:  0    Dex:  7    Spells: 7/7 levels left

rFire   + . .      SeeInvis .   a - -1 falchion (flame)
rCold   . . .      Faith    .   (no shield)
rNeg    . . .      Spirit   .   (armour currently unavailable)
rPois   +          Reflect  .   (helmet currently unavailable)
rElec   .          Harm     .   (cloak currently unavailable)
rCorr   .          Rampage  .   (gloves currently unavailable)
Will    .....      NoTele   +   (boots currently unavailable)
Stlth   +.........              (no amulet)
HPRegen 0.24/turn               h - +4 ring of evasion
MPRegen 0.10/turn               (no ring)

@: lethally poisoned (-1 -> -11), tree-form
A: stationary, stasis, torment immunity, boosted hp, (horns 2), (retaliatory
headbutt)
a: Renounce Religion, Fiery Armour, Foxfire Swarm, Rising Flame


You were on level 4 of the Dungeon.
You worshipped Ignis.
Ignis was extremely pleased with you.
You were a tree.
You visited 1 branch of the dungeon, and saw 4 of its levels.

You collected 246 gold pieces.

Inventory:

Hand Weapons
 a - a -1 falchion of flaming (weapon)
Missiles
 c - 54 stones (quivered)
 l - 43 bolts
 m - 16 sling bullets
Armour
 b - a +0 cloak (melded)
 e - a +0 pair of boots (melded)
 r - a +0 scale mail (melded)
Jewellery
 h - a +4 ring of evasion (left branch)
 i - a ring of flight
 q - a +4 ring of slaying
Scrolls
 d - a scroll of fog {unknown}
 f - 2 scrolls of immolation {unknown}
 j - a scroll of amnesia {unknown}
 n - a scroll of teleportation {unknown}
 o - a scroll of enchant weapon {unknown}
 p - a scroll of blinking {unknown}


   Skills:
 + Level 5.1 Fighting
 + Level 5.1 Long Blades
 + Level 3.4 Armour
 + Level 3.0 Dodging
 - Level 1.0 Spellcasting
 - Level 2.1 Fire Magic


You had 7 spell levels left.
You didn't know any spells.
Your spell library contained the following spells:

 Spells                   Type           Power      Damage    Failure   Level
 Scorch                   Fire           10%        2d5       21%         2
 Sting                    Tmut/Pois      0%         1d3       32%         1
 Ensorcelled Hibernation  Hex/Ice        0%         N/A       43%         2
 Spider Form              Tmut/Pois      0%         N/A       67%         3
 Anguish                  Hex/Necr       0%         N/A       97%         4
 Disjunction              Tloc           0%         N/A       100%        8


Dungeon Overview and Level Annotations

Branches:
Dungeon (4/15)
 Temple: D:4-7

Altars:
Sif Muna
Beogh

Annotations:
D:3 exclusions: door and downstairs
D:4 1 transporter, Eustachio


Innate Abilities, Weirdness & Mutations

You are a tree.
Your roots penetrate the ground, keeping you stationary.
You cannot be teleported.
You are immune to unholy pain and torment.
Your maximum health is greatly increased.
Your equipment is partially melded.
((You have a pair of horns on your head.))
((You reflexively headbutt those who attack you in melee.))


Message History

You are lethally poisoned!
The shadow imp picks up a beetle and eats it.
You barely miss the gnoll.
The gnoll is almost dead.
You feel extremely sick. The gnoll completely misses you.
You furiously retaliate!
You headbutt the gnoll, but do no damage.
The gnoll hits you but does no damage.
You are more poisoned.
You slash the gnoll! You burn the gnoll.
You kill the gnoll!
* * * LOW HITPOINT WARNING * * *
You feel extremely sick.
You have reached level 6!
You hit the gnoll. You burn the gnoll. Your headbutt misses the gnoll.
The gnoll is lightly wounded.
* * * LOW HITPOINT WARNING * * *
You feel very sick. The gnoll closely misses you. You furiously retaliate!
You headbutt the gnoll.
Unknown command.
It was a potion of magic.
Magic courses through your body.
* * * LOW HITPOINT WARNING * * *
You feel very sick. The gnoll closely misses you. You furiously retaliate!
You headbutt the gnoll.
It was a potion of lignification.
You turn into a tree.
Your +0 cloak melds into your body.
Your +0 pair of boots melds into your body.
Your +0 scale mail melds into your body.
Your roots penetrate the ground.
* * * LOW HITPOINT WARNING * * *
You feel very sick. The gnoll hits you but does no damage.
You barely miss the gnoll.
The gnoll is severely wounded.
* * * LOW HITPOINT WARNING * * *
You feel very sick. The gnoll completely misses you.
You hit the gnoll but do no damage.
The gnoll is severely wounded.
You die...

...# ............# # ..+
.........##.### ..#
###.#......... ..#
#######........###
####+###.###.................
.................#.#.#.......
.........#####.###.#.#.##....
.........####................
...........g♣.©......#.###...
..........#########..........
##....##..#8P$©$P8#..........
###'# #..#≈..$..≈#....###...
#. #..####+####..#.###... .
....#.≈...≈5#.......... .
.....#.≈...≈.#..##.##... ..
.....#.≈≈≈≈≈.#.. #.##...
....#.≈≈♣≈ #......


You could see a gnoll and a shadow imp.

Vanquished Creatures
  2 jellies (D:4)
  2 orc priests
  A bullfrog zombie (D:3)
  A hound (D:4)
  A gnoll (D:4)
  2 adders (D:2)
  2 worms (D:2)
  A dart slug (D:1)
  4 orcs
  4 bats
  4 endoplasms
  A giant cockroach (D:2)
  3 goblins
  4 hobgoblins
  7 jackals (D:2)
  6 kobolds
  2 quokkas
  7 ball pythons
  3 frilled lizards
  4 rats
61 creatures vanquished.

Notes
Turn   | Place    | Note
-------+----------+-------------------------------------------
     0 | D:1      | belegose the Minotaur Cinder Acolyte began the quest for
                  | the Orb.
     0 | D:1      | Reached XP level 1. HP: 19/19 MP: 1/1
   222 | D:1      | Reached XP level 2. HP: 18/27 MP: 2/2
   371 | D:1      | Reached skill level 1 in Armour
   594 | D:1      | Reached skill level 1 in Dodging
  1264 | D:2      | Reached XP level 3. HP: 33/33 MP: 3/3
  2225 | D:2      | Reached XP level 4. HP: 39/40 MP: 4/4
  2531 | D:3      | Reached XP level 5. HP: 45/47 MP: 5/5
  2632 | D:3      | Found a shimmering blue altar of Sif Muna.
  2838 | D:3      | Got the Volume of Quantum Toxins
  3259 | D:4      | Noticed Eustachio
  3438 | D:4      | Reached skill level 5 in Fighting
  3438 | D:4      | Reached skill level 5 in Long Blades
  3523 | D:4      | Found a transporter.
  3556 | D:4      | Reached XP level 6. HP: 15/56 MP: 6/6
  3558 | D:4      | HP: 4/84 [poisoned by a gnoll]
  3560 | D:4      | Succumbed to a gnoll's poison

Illustrated notes

Levels and vault maps discovered:
D:1:      dpeg_arrival_erosion, layout_basic, minmay_shallow_snake_nest
D:2:      layout_loops_ring
D:3:      layout_basic, led_sif_book, kennysheep_orc_chapel
D:4:      gammafunk_wand_slinger, layout_basic, gammafunk_ghost_nasty_kobolds,
          uniq_eustachio

Skill      XL: |  1  2  3  4  5 |
---------------+----------------+-----
Armour         | 1 2 3 |  3.4
Dodging        | 1 2 3 |  3.0
Long Blades    | 4 5 |  5.1
Fighting       | 4 5 |  5.1
Spellcasting   | |  1.0
Fire Magic     | |  2.1

Action                   |  1- 3 |  4- 6 || total
-------------------------+-------+-------++-------
Melee: Falchion          |    97 |    81 ||   178
       Headbutt          |    13 |    11 ||    24
       Punch             |     2 |       ||     2
Throw: Stone             |       |     3 ||     3
  Use: Potion            |       |     2 ||     2
Armor: Robe              |    12 |       ||    12
       Leather armour    |       |     6 ||     6
       Ring mail         |       |     6 ||     6
       Scale mail        |       |     9 ||     9
       Skin              |       |     1 ||     1
Dodge: Dodged            |    77 |    50 ||   127

Table legend: (Time is in decaauts)
 A = Elapsed time spent in this place.
 B = Non-inter-level travel time spent in this place.
 C = Inter-level travel time spent in this place.
 D = Time resting spent in this place.
 E = Time spent auto-exploring this place.
 F = Levels seen in this place.
 G = Mean time per level.
                   A        B        C        D        E       F      G
               +--------+--------+--------+--------+--------+-----+--------+
         Total |   3584 |   3235 |    349 |    199 |   2382 |   4 |  896.0 |
       Dungeon |   3584 |   3235 |    349 |    199 |   2382 |   4 |  896.0 |
               +--------+--------+--------+--------+--------+-----+--------+

Top non-repeatable levels by time:
     D:2: 1144 daAuts
     D:1: 1136 daAuts
     D:3: 1030 daAuts
     D:4: 274 daAuts
